 Dungeon Crawl Stone Soup version 0.22-a0-799-g88f5e907b7 (webtiles) character file.

97 Flugkiller the Chopper (level 4, -1/40 HPs)
             Began as a Hill Orc Gladiator on July 21, 2018.
             Slain by an ogre
             ... wielding a +0 giant spiked club
              (19 damage)
             ... on level 3 of the Dungeon.
             The game lasted 00:02:07 (2134 turns).

Flugkiller the Chopper (Hill Orc Gladiator)         Turns: 2134, Time: 00:02:08

Health: -1/40      AC:  8    Str: 17    XL:     4   Next: 68%
Magic:  4/4        EV: 10    Int:  8    God:
Gold:   162        SH:  0    Dex: 12    Spells: 3/3 levels left

rFire    . . .     SeeInvis .   a - +0 war axe
rCold    . . .     Gourm    .   (no shield)
rNeg     . . .     Faith    .   l - +0 scale mail
rPois    .         Spirit   .   c - +0 helmet
rElec    .         Reflect  .   (no cloak)
rCorr    .         Harm     .   k - +0 pair of gloves
MR       .....                  (no boots)
Stlth    ..........             (no amulet)
HPRegen  0.13/turn              (no ring)
MPRegen  0.09/turn              (no ring)

@: no status effects
A: no striking features
a: no special abilities


You were on level 3 of the Dungeon.
You were not hungry.

You visited 1 branch of the dungeon, and saw 3 of its levels.

You collected 162 gold pieces.

Inventory:

Hand Weapons
 a - a +0 war axe (weapon)
Missiles
 d - 3 throwing nets (quivered)
Armour
 c - a +0 helmet (worn)
 k - a +0 pair of gloves (worn)
 l - a +0 scale mail (worn)
Wands
 o - a wand of disintegration (11)
Scrolls
 b - a scroll of enchant weapon {unknown}
 i - 3 scrolls of remove curse
 n - 2 scrolls of fog
 r - a scroll of teleportation {unknown}
 s - a scroll of magic mapping {unknown}
Potions
 e - a potion of brilliance
 g - a potion of berserk rage {unknown}
 h - 2 potions of invisibility {unknown}
 j - 2 potions of curing
 m - a potion of degeneration {unknown}
 p - 2 potions of might {unknown}
 q - a potion of flight {unknown}
Comestibles
 f - 3 rations
 t - a chunk of flesh


   Skills:
 + Level 3.9 Fighting
 + Level 5.2 Axes
 - Level 1.7 Throwing
 + Level 2.3 Armour
 - Level 2.4 Dodging


You had 3 spell levels left.
You didn't know any spells.
Your spell library was empty.

Dungeon Overview and Level Annotations

Branches:
Dungeon (3/15)

Altars:
Makhleb
Nemelex Xobeh
Qazlal
Sif Muna
Trog
Xom
Zin


Message History

The ogre shouts!
Found a leather armour and 3 silver javelins.
You hit the hobgoblin.
The hobgoblin is moderately wounded.
The hobgoblin barely misses you.
You barely miss the hobgoblin.
The hobgoblin is moderately wounded.
You closely miss the frilled lizard. The frilled lizard closely misses you.
The hobgoblin hits you with a club. The frilled lizard barely misses you.
You slash the ogre!
The ogre is heavily wounded.
The ogre hits you with a giant spiked club!
You slash the ogre!
The ogre is almost dead.
The ogre hits you with a giant spiked club!
* * * LOW HITPOINT WARNING * * *
There is a stone staircase leading down here.
You feel better.
The ogre hits you with a giant spiked club!!
You die...

#............##.##......#
#............##.##......#
#............##.##......#
#........###.##.##......#
#........# #.##.#.......#
#########...# #.##.#.......#
............###.##.#.......#
#########....)................
.......<.....@Ogl>.....#.#.#.#
########......................
#....####.......#.#.#.# #....#
#.............. #...(#
#.......#.#.#.# #....#
#.............. #.####
#.......#.#.#.# ...
#####.......... ...
#.....#####


You could see an ogre, a hobgoblin and a frilled lizard.

Vanquished Creatures
  5 adders
  2 oozes
  A dart slug (D:1)
  3 giant cockroaches
  7 goblins
  4 hobgoblins
  3 jackals (D:3)
  8 bats
  3 frilled lizards
  4 kobolds (D:1)
  4 rats
44 creatures vanquished.

Notes
Turn   | Place    | Note
-------+----------+-------------------------------------------
     0 | D:1      | Flugkiller the Hill Orc Gladiator began the quest for the Orb.
     0 | D:1      | Reached XP level 1. HP: 18/18 MP: 1/1
    59 | D:1      | Reached XP level 2. HP: 17/25 MP: 2/2
   323 | D:1      | Reached skill level 1 in Armour
   472 | D:1      | Reached XP level 3. HP: 29/31 MP: 3/3
  1066 | D:2      | Found a burning altar of Makhleb.
  1066 | D:2      | Found a bloodstained altar of Trog.
  1237 | D:2      | Noticed an angel
  1239 | D:2      | Found a glowing silver altar of Zin.
  1241 | D:2      | Found a shimmering altar of Xom.
  1460 | D:2      | Found a deep blue altar of Sif Muna.
  1463 | D:2      | Found a sparkling altar of Nemelex Xobeh.
  1466 | D:2      | Found a stormy altar of Qazlal.
  1667 | D:3      | Reached XP level 4. HP: 30/38 MP: 4/4
  1845 | D:3      | Reached skill level 5 in Axes
  2103 | D:3      | Noticed an ogre
  2134 | D:3      | Slain by an ogre

Vault maps used:
D:1:      dpeg_arrival_another_circle
D:2:      grunt_temple_overflow_order_and_chaos_1,
          grunt_temple_overflow_diamond, gammafunk_temple_overflow_pools
D:3:      chequers_ecumenical_altar_island, serial_glass, glass_columns_c,
          glass_columns_b

Skill      XL: |  1  2  3  4 |
---------------+-------------+-----
Armour         | 1 2 |  2.3
Fighting       | 3 |  3.9
Axes           | 5 |  5.2
Throwing       | |  1.7
Dodging        | |  2.4

Action                   |  1- 3 |  4- 6 || total
-------------------------+-------+-------++-------
Melee: War axe           |    88 |    35 ||   123
  Use: Scroll            |     4 |       ||     4
       Potion            |       |     1 ||     1
  Eat: Chunk             |     2 |     2 ||     4
Armor: Leather armour    |    14 |       ||    14
       Scale mail        |    21 |    14 ||    35
Dodge: Dodged            |    60 |    22 ||    82

Table legend:
 A = Spawn XP
 B = Non-spawn XP
 C = Spawn XP percentage of total XP
 D = Spawn monster count
 E = Non-spawn monster count
 F = Spawn count percentage of total count
 G = Total turns spent on level
                    A         B        C        D         E        F      G
               +---------+---------+-------+---------+---------+-------+---------
         Total |       0 |     139 |   0.0 |       0 |      44 |   0.0 |  2134
               +---------+---------+-------+---------+---------+-------+---------
           D:1 |       0 |      45 |   0.0 |       0 |      24 |   0.0 |   853
           D:2 |       0 |      17 |   0.0 |       0 |       4 |   0.0 |   740
           D:3 |       0 |      77 |   0.0 |       0 |      16 |   0.0 |   541
               +---------+---------+-------+---------+---------+-------+---------
